[Event "44th Chess Olympiad Open 2022"]
[Site "Chennai"]
[Date "2022.07.30"]
[Round "2.69"]
[White "Mizzi, Jack"]
[Black "da Conceicao, Marcos"]
[Result "1-0"]
[ECO "D11"]
[WhiteElo "1913"]
[BlackElo "1713"]
[Annotator "TA"]
[PlyCount "61"]
[EventDate "2022.07.29"]
[EventType "team-tourn"]
[EventCountry "IND"]
[SourceTitle "playchess.com"]
[Source "ChessBase"]
[SourceQuality "1"]
[WhiteTeam "Malta"]
[BlackTeam "TLS"]
[WhiteTeamCountry "MLT"]
[TimeControl "40/5400+30:1800+30"]

1. d4 d5 2. c4 c6 3. Nf3 Nf6 4. Nbd2 Bg4 5. Ne5 e6 6. Nxg4 {[%emt 0:04:00] D11: Slav Defence: 3 Nf3 sidelines and 3...Nf6 4 e3 Bg4.} Nxg4 {[%emt 0:00:35] [#]} 7. e4 $146 ({Predecessor:} 7. Nf3 dxc4 8. e4 b5 9. Ng5 Bb4+ 10. Bd2 Qxd4 11. Qe2 Bxd2+ 12. Qxd2 Qxd2+ 13. Kxd2 Nxf2 {0-1 (36) Borrowdale,K-Jones,L ICCF email 2008}) 7... Nf6 (7... Qh4 $2 8. g3 Qg5 9. h4 $18) 8. e5 {[%emt 0:00:38] White is slightly better.} Nfd7 9. cxd5 cxd5 10. Bd3 Nc6 11. Nf3 Bb4+ 12. Bd2 Be7 (12... Qb6 $11 {remains equal.}) 13. O-O $16 O-O 14. Rc1 Rc8 15. Bc3 f6 16. exf6 Bxf6 17. Re1 Qe8 18. Qe2 Nd8 19. Bf5 Rc6 20. Bh3 Qf7 21. Ba5 Rxc1 22. Rxc1 {[%emt 0:00:07] [#] Threatens to win with Bxd8.} b6 (22... Nb6 $16 {is a better defense.}) 23. Rc8 {[%emt 0:02:57][%cal Oc8d8] Black must now prevent Rxd8!} Re8 (23... bxa5 $2 {[#]} 24. Rxd8 $1 Rxd8 25. Bxe6 $18) (23... Kh8 $142) 24. Bc3 Nf8 25. Qb5 Ng6 26. Bd2 {[%emt 0:05:29] Prevents Nf4.} h6 {[%emt 0:01:50] Prevents Ng5.} 27. Bg4 {[%emt 0:08:39] Bh5 is the strong threat. White is more active.} Rf8 $2 {[%emt 0:05:35][%mdl 8192] This costs Black the game.} (27... Nh4 $16) 28. Bh5 $18 Kh7 (28... a6 $142 29. Qxa6 Qb7 30. Qxb7 Nxb7) 29. Qd3 Be7 30. Rc7 Re8 31. Ne5 {[%emt 0:00:22] Weighted Error Value: White=0.12 (very precise) /Black=0.66} 1-0

[Event "44th Chess Olympiad Open 2022"]
[Site "Chennai"]
[Date "2022.07.30"]
[Round "2.69"]
[White "Cilia Vincenti, David"]
[Black "Guterres, Cosme"]
[Result "1-0"]
[ECO "D04"]
[WhiteElo "1904"]
[BlackElo "1692"]
[Annotator "TA"]
[PlyCount "75"]
[EventDate "2022.07.29"]
[EventType "team-tourn"]
[EventCountry "IND"]
[SourceTitle "playchess.com"]
[Source "ChessBase"]
[SourceQuality "1"]
[WhiteTeam "Malta"]
[BlackTeam "TLS"]
[WhiteTeamCountry "MLT"]
[TimeControl "40/5400+30:1800+30"]

1. d4 Nf6 2. Nf3 d5 3. e3 c6 4. Bd3 Bg4 5. Nbd2 Nbd7 6. h3 Bh5 7. O-O e6 {[%emt 0:00:18] D04: Colle System.} 8. c4 Be7 9. b3 a6 {[%emt 0:00:17][%cal Oe6e5] The position is equal.} (9... e5 $5 10. cxd5 (10. dxe5 Nxe5 11. Be2 Nxf3+ 12. Nxf3 dxc4 $11) 10... Nxd5 $14) 10. Bb2 {[%emt 0:00:18] [#]} Rc8 $146 ({Predecessor:} 10... O-O 11. Qc2 Bg6 12. Bxg6 hxg6 13. e4 Nxe4 14. Nxe4 dxe4 15. Qxe4 Qa5 16. a3 Rfe8 {1-0 (39) Dreev,A (2689)-Epishin,V (2610) St Petersburg 2004}) 11. Qc2 b5 12. Ne5 Nxe5 13. dxe5 Nd7 14. g4 Bg6 15. Bxg6 hxg6 16. Kg2 Qc7 (16... O-O $142) 17. f4 (17. cxd5 $1 $11 cxd5 18. Qxc7 Rxc7 19. Rac1) 17... Qb6 $2 {[%emt 0:00:25] [#]} (17... dxc4 $15 {stays ahead.} 18. bxc4 c5) 18. Rae1 $2 (18. cxd5 $1 $16 Qxe3 19. Rf3 Qe2+ 20. Rf2) 18... Qb7 $15 19. f5 gxf5 20. gxf5 Nf8 21. fxe6 (21. e4 $15) 21... fxe6 $2 (21... Nxe6 $17 {aiming for ...Rh5.} 22. Qf5 Bb4) 22. Rf3 Kd7 23. Rf7 $36 {[%emt 0:09:42][%mdl 2048] White has the initiative.} Re8 $2 {[%emt 0:01:34] Loses the game.} (23... Rc7 $14) 24. cxd5 ({But not} 24. Rxg7 Kd8 25. Nf3 Qb6 26. cxd5 exd5) 24... cxd5 (24... exd5 25. Nf3 Kd8) 25. Rc1 $18 {[%emt 0:12:21] [#] Black must now prevent Ba3.} Rd8 (25... d4+ $142 26. Nf3 Rh6) 26. Ba3 Ke8 27. Rxe7+ Qxe7 28. Bxe7 Kxe7 29. Qc5+ Kf7 30. Rf1+ Kg8 31. Qe7 {[%emt 0:01:32] White mates.} Ra8 32. Rf7 Rh7 33. Nf3 Rc8 34. Ng5 Rh6 35. Rxg7+ Kh8 36. Rf7 Kg8 37. Rf6 Rh4 38. Nxe6 {[%emt 0:02:27] Weighted Error Value: White=0.39/Black=0.89} 1-0

[Event "44th Chess Olympiad Open 2022"]
[Site "Chennai"]
[Date "2022.07.30"]
[Round "2.69"]
[White "de Araujo, Helder"]
[Black "Vella, Duncan"]
[Result "1-0"]
[ECO "A04"]
[WhiteElo "1742"]
[BlackElo "1985"]
[Annotator "TA"]
[PlyCount "71"]
[EventDate "2022.07.29"]
[EventType "team-tourn"]
[EventCountry "IND"]
[SourceTitle "playchess.com"]
[Source "ChessBase"]
[SourceQuality "1"]
[WhiteTeam "TLS"]
[BlackTeam "Malta"]
[BlackTeamCountry "MLT"]
[TimeControl "40/5400+30:1800+30"]

1. d4 Nf6 2. c4 c5 3. Nf3 cxd4 4. Nxd4 Nc6 5. Nc3 g6 6. g3 Bg7 7. Nxc6 bxc6 8. Bg2 O-O 9. O-O Rb8 10. Qc2 {[%emt 0:01:44] A04: Unusual lines after 1 Nf3 and King's Indian Attack.} Qc7 11. b3 (11. e4 $11) 11... d5 $1 $15 12. Bb2 {[%emt 0:17:24][%cal Rc4d5] Black is slightly better.} Bf5 {[%emt 0:06:33] [#]} 13. Qc1 $146 ({Predecessor:} 13. e4 dxe4 14. Qe2 Rfd8 15. Nxe4 Bxe4 16. Bxe4 Nxe4 17. Bxg7 Nxg3 18. fxg3 Kxg7 19. Qf2 {0-1 (29) Perez Garcia,M (1310)-Pech,J (1654) LSS email 2015}) 13... dxc4 14. bxc4 Rb4 15. Nd1 Rfb8 16. Bc3 ({White should play} 16. Ba3 $15) 16... Rxc4 $17 {[%emt 0:08:52] Strongly threatening ...Nd5.} 17. Ne3 {[%emt 0:04:10] [#] Prevents Nd5.} Rc5 (17... Ne4 $1 $17 18. Nxc4 Nxc3) 18. Nxf5 $11 Rxf5 19. Bd4 {[%emt 0:06:25] Prevents Rc5. A strong pair of Bishops.} Rd8 20. e3 e5 (20... Ra5 $11) 21. e4 Rh5 ({Much less strong is} 21... Rxd4 22. exf5 c5 23. Rb1 $16) (21... exd4 $11 22. exf5 c5) 22. Be3 {[%emt 0:02:33] And now h4 would win.} Ng4 23. h3 (23. Bg5 $14 f6 24. Be3) 23... Nxe3 24. Qxe3 f5 (24... Rd4 $11) 25. g4 (25. Qb3+ $14 Kh8 26. Rab1) 25... fxg4 26. hxg4 Rh4 27. Qg5 Rh6 28. Rad1 Re8 29. Rd3 Qe7 (29... Bf8 {feels hotter.} 30. Rc1 Kg7 31. Rcd1 Qf7) 30. Qxe7 Rxe7 31. Rfd1 g5 32. Rd7 Kf8 33. Bf1 {[%emt 0:01:26][%mdl 1024] White has compensation.} c5 {[%emt 0:03:12] [#]} (33... Rf6 $11) 34. Bc4 {[%emt 0:01:11] White is more active.} (34. Rd8+ $142 $1 Re8 35. Bb5 Rxd8 36. Rxd8+ Ke7 37. Rd7+ Kf6 38. Rxa7) 34... Rc6 $2 (34... Rb6 $16) 35. Rd8+ $18 Re8 {[%emt 0:00:14] [#]} 36. Rxe8+ $1 {[%emt 0:00:11] Weighted Error Value: White=0.24 (precise) /Black=0.37} 1-0

[Event "44th Chess Olympiad Open 2022"]
[Site "Chennai"]
[Date "2022.07.30"]
[Round "2.69"]
[White "dos Reis, Tito"]
[Black "Darmanin, Jake"]
[Result "0-1"]
[ECO "A03"]
[WhiteElo "1658"]
[BlackElo "2101"]
[Annotator "TA"]
[PlyCount "131"]
[EventDate "2022.07.29"]
[EventType "team-tourn"]
[EventCountry "IND"]
[SourceTitle "playchess.com"]
[Source "ChessBase"]
[SourceQuality "1"]
[WhiteTeam "TLS"]
[BlackTeam "Malta"]
[BlackTeamCountry "MLT"]
[TimeControl "40/5400+30:1800+30"]

1. f4 d5 2. Nf3 c5 3. e3 Nf6 4. c3 Nc6 5. d4 g6 6. Bd3 {[%emt 0:00:31] A03: Bird's Opening with 1...d5.} Bg7 7. Nbd2 Qb6 8. Qe2 {[%emt 0:00:26] The position is equal.} O-O 9. O-O {[%emt 0:00:33] [#]} Qc7 $146 ({Predecessor:} 9... Bg4 10. h3 Be6 11. Ne5 Rac8 12. Ndf3 Nxe5 13. dxe5 Ne4 14. Bxe4 dxe4 15. Ng5 Bd5 {0-1 (36) Fekete,A (2315)-Avotins,M (2446) ICCF email 2011}) 10. a3 c4 11. Bc2 b5 12. Ne5 a5 13. e4 Bb7 14. Nxc6 Qxc6 15. e5 Nd7 (15... Ne4 $14) 16. f5 $18 b4 17. fxg6 (17. Nf3 $1 $18) 17... fxg6 $14 18. Nf3 b3 19. Bb1 Rae8 (19... Bc8 $1 $14) 20. Bd2 (20. h4 $1 $18) 20... Bc8 $16 21. Qe1 (21. Qf2 {looks sharper.} Bxe5 22. dxe5 Nxe5 23. Qe2) 21... Nb6 (21... Rf7 $1 $14) 22. Qh4 Na4 (22... h5 $2 23. Qg5 Bf5 24. Nh4 Bxb1 25. Raxb1 $18) 23. Bc1 (23. Ng5 Rxf1+ 24. Kxf1 h6 $11) 23... Qb6 24. Rf2 $1 (24. Ng5 Rxf1+ 25. Kxf1 Rf8+ 26. Ke1 h6 $17) 24... Bf5 25. Bh6 (25. Ng5 $6 h6 26. Nf3 (26. Bxf5 $2 hxg5 27. Bxg5 Rxf5 $17) 26... Bxb1 27. Rxb1 g5 $11) (25. Bxf5 $18 gxf5 26. Bg5 (26. Ng5 Qg6 $14)) 25... e6 26. Bxg7 Kxg7 27. Bxf5 (27. Ng5 $6 h6 28. Nh3 (28. Bxf5 $2 hxg5 29. Qg3 Rxf5 $19) 28... Qd8 29. Qxd8 Rxd8 30. Bxf5 Rxf5 31. Rxf5 exf5 $11) 27... Rxf5 (27... exf5 $16 28. Qh3 (28. Ng5 h6 $11) 28... Qd8) 28. g4 $18 (28. Ng5 h6 29. Nh3 Ref8 $11) 28... Rff8 29. Raf1 (29. Ng5 $142 h5 30. Rf6) 29... h6 {[%emt 0:01:03] [#]} 30. Ne1 $2 (30. Ng5 $1 $18 {[%mdl 512] White wants to mate with Rf7+.} hxg5 31. Qxg5) 30... Qd8 $2 {[%emt 0:00:45] Active counter play!} (30... Qb7 $11 {and Black has nothing to worry.}) 31. Rf6 Nxb2 32. R1f3 {[%emt 0:05:22] Prevents Nd3.} (32. g5 $1 $18 h5 33. Qh3) 32... Na4 (32... Rxf6 $2 33. exf6+ Kf7 34. Qxh6 $18) 33. Rh3 $2 {[%emt 0:01:11][%mdl 8192] [#]} (33. Ng2 $11 {and White is okay.} b2 34. Rf1) 33... Rh8 $1 $19 {[%emt 0:00:26] Hoping for ...b2.} (33... Rxf6 $2 34. Qxh6+ Kf7 35. Qh7+ Kf8 36. exf6 (36. Qh8+ Ke7 $11) 36... Qxf6 37. Rf3 Qxf3 38. Nxf3 $18) 34. Rhf3 Ref8 {[%emt 0:01:46] And now ...b2 would win.} 35. Qf2 (35. g5 $142 Rxf6 36. gxh6+ Kh7 37. Rxf6) 35... Rxf6 36. Rxf6 Qe8 37. Nf3 b2 38. Qc2 Rf8 39. g5 hxg5 40. Nd2 Rxf6 41. exf6+ Kxf6 {[%emt 0:03:08][%mdl 4096] Endgame KQN-KQN} 42. Nb1 Kg7 43. Kg2 Qc6 44. Qe2 Kh6 (44... Qd6 $142 {Strongly threatening ...Kf6.} 45. Qe1 Kf6) 45. Qe5 Kh7 {[%emt 0:02:06] Prevents Qh8+.} 46. Qxg5 Qe8 {[%emt 0:03:37] Prevents Qe7+.} 47. Qf6 Kg8 {[%emt 0:01:08] White must now prevent ...Qf7.} 48. Qe5 Qf7 49. Qb8+ Kh7 50. Qb5 Qf5 51. Qb7+ Kh6 52. Qb8 Qe4+ ({Weaker is} 52... Qxb1 53. Qf4+ g5 54. Qf8+ Kh7 55. Qe7+ Kg8 56. Qe8+ Kg7 57. Qe7+ Kh6 58. Qf8+ Kh5 59. Qh8+ Kg6 60. Qe8+ Kh6 61. Qf8+ $11) 53. Kg3 Qd3+ 54. Kg4 Qe2+ 55. Kg3 Qe1+ 56. Kg2 Qe2+ ({And not} 56... Qxb1 57. Qf4+ g5 58. Qf8+ Kh7 59. Qe7+ Kh6 60. Qf8+ Kh7 61. Qe7+ Kg8 62. Qe8+ Kh7 63. Qe7+ $11) (56... Qe3 $142 57. Qf8+ Kh5) 57. Kg3 $1 {[%emt 0:00:20] [#] Intending Qh8+ and mate.} Qd3+ $2 (57... Qe3+ $1 $19 58. Kg4 Qg5+ 59. Kf3 Qf6+ 60. Kg3 Kh5) 58. Kg2 $2 (58. Kg4 $11 Qd1+ 59. Kg3 Qg1+ 60. Kf3 Qd1+ 61. Kf2) 58... Qxb1 $2 ({Black should try} 58... Qe3 $19 59. Qg8 Qg5+ 60. Kf2 Qf6+ 61. Ke1 Qh4+ 62. Kf1 Qf4+ 63. Kg2 e5 64. dxe5 Qg5+ 65. Kf3 Qf5+ 66. Kg2 Qe4+ 67. Kf2 Qxe5 68. Qf8+ Kg5 69. h4+ Kg4 70. Qf3+ Kxh4) 59. Qf4+ $11 g5 60. Qf6+ (60. Qf8+ $11 Kh5 61. Qh8+ Kg6 62. Qe8+ Kg7 63. Qe7+ Kh8 64. Qe8+ Kh7 65. Qf7+ Kh8 66. Qe8+ Kh7 67. Qf7+ Kh8 68. Qe8+) 60... Qg6 {[%emt 0:00:33] Black mates.} ({Stronger than} 60... Kh5 61. Qh8+ Kg6 62. Qe8+ Kg7 63. Qe7+ Kg8 64. Qe8+ Kh7 65. Qf7+ Kh8 66. Qf8+ Kh7 67. Qf7+ Kh8 68. Qf8+ Kh7 69. Qf7+ $11) 61. Qh8+ Qh7 62. Qf8+ Qg7 63. Qb8 Nxc3 64. Qxb2 Qxd4 65. Qf2 Qxf2+ 66. Kxf2 {[%emt 0:00:09] Weighted Error Value: White=0.83/Black=0.50} 0-1

[Event "44th Chess Olympiad Open 2022"]
[Site "Chennai"]
[Date "2022.07.30"]
[Round "2.70"]
[White "Nyambalo, Joseph Xavier"]
[Black "Masiala Mayuku, Eddy"]
[Result "1-0"]
[ECO "A25"]
[WhiteElo "1981"]
[BlackElo "1574"]
[Annotator "TA"]
[PlyCount "145"]
[EventDate "2022.07.29"]
[EventType "team-tourn"]
[EventCountry "IND"]
[SourceTitle "playchess.com"]
[Source "ChessBase"]
[SourceQuality "1"]
[WhiteTeam "MAW"]
[BlackTeam "COD"]
[TimeControl "40/5400+30:1800+30"]

1. c4 e5 2. Nc3 Nc6 3. g3 b6 4. Bg2 Bb7 5. Nf3 d6 6. O-O {[%emt 0:03:19] A25: English Opening vs King's Indian with ...Nc6 but without early d3.} g6 7. d4 {[%emt 0:00:58] Threatens to win with dxe5.} Bg7 {[%emt 0:01:37][%cal Rc6d4] [#]} 8. dxe5 $146 {[%emt 0:02:09] White is better.} ({Predecessor:} 8. Bg5 f6 9. Be3 Nxd4 10. Nxd4 exd4 11. Bxb7 dxe3 12. Bc6+ Kf8 13. Bxa8 exf2+ 14. Rxf2 Qxa8 15. e4 Ne7 16. Nd5 Nxd5 17. cxd5 Kf7 18. Rc1 Qc8 19. Rfc2 {1-0 (19) De Souza Filho,N (2132)-Da Cunha Alves,A Vila Velha 2012}) 8... Nxe5 (8... dxe5 $142 9. Nd5 Nce7) 9. Nxe5 $16 Bxg2 10. Nxf7 {[%emt 0:02:25] White is more active.} ({Resist} 10. Kxg2 $6 Bxe5 11. Qc2 Ne7 $14) (10. Qa4+ $142 Kf8 11. Nd7+ (11. Kxg2 Bxe5 12. Nd5 h5 $14) 11... Ke7 12. Bg5+ (12. Kxg2 Qxd7 13. Qc2 f5 $14) 12... f6 13. Nxf6 (13. Kxg2 Qxd7 14. Bd2 Qxa4 $11) 13... Bxf6 14. Bxf6+ Nxf6 15. Kxg2) 10... Kxf7 11. Kxg2 {[%emt 0:02:21] And now Qd5+ would win.} Nf6 {[%emt 0:00:51] Against Qd5+} (11... Bxc3 $142 12. bxc3 (12. Qd5+ Kg7 $16) 12... Nf6) 12. Nd5 Re8 13. Bg5 h6 (13... c6 $16) 14. Nxf6 Bxf6 15. Bxh6 Kg8 (15... Qd7 $16) 16. Qc2 $18 Kf7 17. Be3 Qe7 18. Rad1 Rh8 19. h3 Rh7 (19... Bxb2 $142 20. c5 (20. Qxb2 Qe4+ 21. f3 Qxe3 $16) 20... Be5) 20. Rh1 Rah8 21. Rh2 Qe6 22. Rdh1 Rh5 23. b3 Re5 24. Qd3 Rd8 (24... Rhh5 $142 25. Rd1 Re4) 25. h4 Rh5 26. Bg5 d5 27. Bxf6 Qxf6 28. Rd1 c6 29. e4 d4 30. Qf3 {[%emt 0:05:01] Strongly threatening Qxf6+.} c5 (30... Ra5 $142 31. Qe2 Rh5) 31. Qxf6+ Kxf6 {[%emt 0:00:35][%mdl 4096] Endgame KRR-KRR} 32. f4 {[%emt 0:00:02] Prevents Re5.} Rh7 33. Kf3 d3 (33... Ke6 $142 34. Rdh1 Rdh8) 34. Rhd2 Re7 35. Rxd3 Rde8 36. Rd6+ Kf7 37. Rd7 a6 38. e5 b5 39. cxb5 axb5 40. Rxe7+ Rxe7 {[%emt 0:00:32] KR-KR} 41. Rc1 Rc7 42. Ke4 Ke6 43. g4 {[%emt 0:00:10][%cal Bg3g4,Bg4g5][%mdl 32] [#] aiming for f5+.} Rc6 44. f5+ Kf7 45. e6+ Kf6 46. g5+ Ke7 47. fxg6 Rxe6+ 48. Kf5 {[%emt 0:00:04] [#] Threatening mate with g7.} Re2 49. Rxc5 {[%emt 0:00:34] Intending Re5+ and mate.} Rf2+ 50. Kg4 Rg2+ 51. Kh5 Rxa2 52. Rxb5 (52. Rc8 $142 Kd7 53. Rf8 Kd6 54. g7 Ra4 55. bxa4 bxa4 56. g8=Q Kc5 57. Rf4) 52... Rh2 53. Rf5 Rd2 54. g7 Rd8 55. Rf8 Rxf8 56. gxf8=R Kxf8 {[%emt 0:00:43] KP-KP. White mates.} 57. Kg6 Kg8 58. b4 Kh8 59. b5 Kg8 60. b6 Kf8 61. b7 Ke7 62. b8=Q Ke6 63. Qe8+ Kd5 64. Kf5 Kd4 65. Qe4+ Kc3 66. Qd5 Kb4 67. Qc6 Kb3 68. Ke4 Kb4 69. Kd4 Kb3 70. Qc3+ Ka2 71. Qb4 Ka1 72. Kc3 Ka2 73. Qb2# {[%emt 0:00:11] Weighted Error Value: White=0.16 (very precise) /Black=0.34} 1-0

[Event "44th Chess Olympiad Open 2022"]
[Site "Chennai"]
[Date "2022.07.30"]
[Round "2.70"]
[White "Esungi, Guy Botetsi"]
[Black "Chiwambo Stansford"]
[Result "0-1"]
[ECO "B50"]
[WhiteElo "1481"]
[BlackElo "1913"]
[Annotator "TA"]
[PlyCount "58"]
[EventDate "2022.07.29"]
[EventType "team-tourn"]
[EventCountry "IND"]
[SourceTitle "playchess.com"]
[Source "ChessBase"]
[SourceQuality "1"]
[WhiteTeam "COD"]
[BlackTeam "MAW"]
[TimeControl "40/5400+30:1800+30"]

1. e4 c5 2. Nc3 Nc6 3. Nf3 d6 4. Be2 g6 5. d3 Bg7 6. Bd2 {[%emt 0:01:29] B50: Sicilian: 2...d6, Miscellaneous.} e6 7. O-O Nge7 8. Qc1 {[%emt 0:02:59] Black has an edge.} h6 {[%emt 0:01:02] [#]} 9. Nd1 $146 ({Predecessor:} 9. a3 Rb8 10. Rb1 a5 11. Ne1 b5 12. Bg4 Nd4 13. Ne2 h5 14. Nxd4 hxg4 15. Ne2 {0-1 (37) Boo Aldanondo,A (1703)-Rizouk,A (2447) San Sebastian 2006}) 9... d5 10. Bc3 d4 11. Bd2 g5 12. Bxg5 $2 {[%emt 0:04:18][%mdl 8192] Loses the game.} hxg5 $19 13. Qxg5 Ng6 14. Qxc5 (14. Qxd8+ Kxd8 15. g3) 14... e5 {[%emt 0:03:12] [#] Strongly threatening ...Nf4.} 15. b3 (15. g3 $142 Bh3 16. Qb5) 15... Be6 16. Nb2 Qc7 17. Nc4 O-O-O 18. Ng5 $2 (18. g3 f6 19. Qb5) 18... Nf4 19. Bf3 Kb8 20. Nxe6 Nxe6 21. Qb5 Rdg8 22. a4 Ng5 23. Be2 (23. Bg4 $142 Ne6 24. g3) 23... Bf6 {[%emt 0:02:12] [#] Hoping for ...Nh3+.} 24. Kh1 (24. Bg4 $142 Nxe4 25. dxe4 Rxg4 26. g3) 24... Rh6 25. g3 (25. Bg4 $142 Nxe4 26. dxe4 Rxg4 27. h3) 25... Rgh8 26. h4 Qd7 27. Nd6 Rxh4+ {[%emt 0:03:56] Black mates.} 28. gxh4 Qh3+ 29. Kg1 Nf3+ {[%emt 0:00:06] Weighted Error Value: White=1.89/Black=0.89} 0-1

[Event "44th Chess Olympiad Open 2022"]
[Site "Chennai"]
[Date "2022.07.30"]
[Round "2.71"]
[White "Gabriel, Davidson"]
[Black "Yussof, Pg Abd Rahman"]
[Result "1-0"]
[ECO "D45"]
[WhiteElo "1915"]
[BlackElo "1804"]
[Annotator "TA"]
[PlyCount "129"]
[EventDate "2022.07.29"]
[EventType "team-tourn"]
[EventCountry "IND"]
[SourceTitle "playchess.com"]
[Source "ChessBase"]
[SourceQuality "1"]
[WhiteTeam "Haiti"]
[BlackTeam "Brunei"]
[WhiteTeamCountry "HAI"]
[BlackTeamCountry "BRN"]
[TimeControl "40/5400+30:1800+30"]

1. d4 d5 2. c4 c6 3. Nc3 Nf6 4. Nf3 e6 5. e3 Nbd7 6. Qc2 Bb4 7. Bd3 dxc4 {[%emt 0:02:52] D45: Semi-Slav: 5 e3.} 8. Bxc4 Nd5 (8... c5 $11) 9. O-O O-O {[%emt 0:01:55] White is better.} 10. e4 N5b6 11. Bd3 {[%emt 0:00:13] [#]} f6 $146 (11... e5 $142) ({Predecessor:} 11... h6 12. a3 Bxc3 13. bxc3 c5 14. a4 a5 15. Bf4 c4 16. Be2 Nf6 17. Nd2 Bd7 18. Bxc4 {0-1 (58) Mustuoglu,U (1575)-Ozkan,Y (1426) Konya 2019}) 12. Qb3 Qe7 13. a3 Bd6 14. a4 a5 15. Re1 Bc7 16. Be3 Kh8 17. Rac1 Qb4 18. Qa2 (18. Qxe6 $2 Ne5 $1 19. Qa2 Nxd3 $19) 18... Qe7 19. Bb1 ({Better is} 19. d5 $16) 19... Qf7 (19... Nb8 $14) 20. Red1 Qh5 21. h3 (21. Qxe6 $2 Ne5 $1 22. Qe7 Nxf3+ 23. Kf1 Nxh2+ 24. Ke1 Bd7 $19) 21... Bb8 (21... f5 $142) 22. Qb3 $16 (22. Qxe6 $2 Ne5 $1 23. Qb3 (23. Qe7 $2 Nxf3+ 24. Kf1 Nh2+ 25. Kg1 Nf3+ 26. Kf1 Re8 $19) 23... Nxf3+ 24. Kf1 (24. gxf3 $2 Bxh3 25. e5 Bc7 $19) 24... Nh2+ 25. Ke1 Nd7 $19) 22... Ba7 (22... Re8 $16 23. Ne2 (23. d5 exd5 24. exd5 Nxd5 $16) 23... Ra6) 23. Ne2 {[%emt 0:01:57] aiming for Nf4.} (23. Qxe6 Ne5 $1 24. Qd6 Nxf3+ 25. gxf3 Bxh3 $17) 23... Re8 24. Nf4 Qf7 25. Ba2 Nf8 26. d5 e5 27. Bxb6 (27. Ne2 $18 Nbd7 28. Bxa7 (28. dxc6 Qxb3 29. Bxb3 bxc6 $16) 28... Rxa7 29. Ng3 (29. dxc6 Qxb3 30. Bxb3 bxc6 $16)) 27... Bxb6 28. Qxb6 exf4 29. Nd2 (29. Bc4 $16 Qg6 30. Qb3 (30. dxc6 bxc6 31. Kh2 Bd7 $16)) 29... Qg6 30. Rc3 {[%emt 0:00:23] Threatens to win with Nc4.} (30. dxc6 $2 Bxh3 31. g3 fxg3 $19) 30... cxd5 (30... Nd7 $142 31. Qc7 Ne5) 31. Bxd5 Nd7 32. Qc7 Ne5 33. Kh2 (33. Bxb7 Bxb7 34. Qxb7 Rab8 $14) ({White should play} 33. Nc4 $1 $18 {[%cal Rc4e5] And now Nxe5 would win.} f3 34. g3) 33... Qh5 34. f3 (34. Rdc1 $16) 34... Qh4 $11 35. Nf1 {[%emt 0:01:03] Active counter play!} g5 (35... h6 $11) 36. Qb6 (36. Bxb7 Bxb7 37. Qxb7 g4 38. fxg4 Rab8 $17) ({White has to play} 36. Kg1 $1 $16) 36... g4 $1 37. fxg4 Bxg4 38. Rd2 f3 39. Qf2 {[%emt 0:00:27] Dancing on a razor blade.} Qh6 {[%emt 0:02:41][%cal Og4h3] ...Bxh3! is the strong threat.} (39... fxg2 $2 40. Qxh4 $1 (40. Kxg2 Qxf2+ 41. Rxf2 Bd7 $16) 40... gxf1=Q 41. Rf2 $18) 40. Qg3 {[%emt 0:02:18] [#]} (40. Qe3 $11 fxg2 41. Rxg2 Nf3+ 42. Kh1 Qxh3+ 43. Nh2) 40... fxg2 (40... Be6 $1 $17 {White must now prevent ...Rg8.} 41. Rxf3 (41. gxf3 Rg8 $17) 41... Nxf3+ 42. Qxf3 Rad8) 41. Rxg2 Be6 42. Bxe6 (42. Bxb7 Rab8 43. Bd5 Bxd5 44. exd5 Rg8 $17) 42... Rxe6 43. Rc7 $36 {[%emt 0:00:20][%mdl 2048] White is more active.} Ng6 44. Rxb7 Rxe4 45. Rb8+ Re8 46. Rxa8 Rxa8 47. Rf2 Rf8 48. Ne3 Qh4 (48... Ne5 $11) 49. Qxh4 $16 Nxh4 {[%emt 0:00:02][%mdl 4096] Endgame KRN-KRN} 50. Nc4 Kg7 51. Nxa5 ({Much less strong is} 51. Kg3 Ng6 $16) 51... Ra8 52. b4 Ng6 (52... Kf7 {was necessary.} 53. Kg3 Ng6) 53. Ra2 $18 Ne5 54. Kg3 (54. Nb3 $18 {has better winning chances.}) 54... h5 (54... Kf7 $16 {might work better.}) 55. Ra3 Kg6 56. Kf4 Rd8 (56... h4 $142 57. Ke4 Re8) 57. Ke4 Kf7 58. b5 Ke6 59. Rc3 $2 (59. b6 $18) 59... f5+ (59... Ra8 $11 {keeps the balance.} 60. Nc4 Rxa4) 60. Ke3 $16 f4+ 61. Kxf4 Rd4+ {[%emt 0:00:10] [#]} 62. Kg5 $1 Rxa4 63. Nc6 Ra8 $2 (63... Nd7 $16 64. Re3+ (64. Kxh5 Nf6+ 65. Kh6 Nd5 $18) 64... Kd6 65. Rd3+ (65. Kxh5 Kc5 $16) 65... Kc7 66. Kxh5 Nc5) 64. Re3 $18 Rh8 65. Rxe5+ {[%emt 0:00:10] Weighted Error Value: White=0.25 (precise) /Black=0.36} 1-0